 Dungeon Crawl Stone Soup version 0.27-a0-631-g2d681adce0 (webtiles) character file.

Game seed: 886728433268995163

223 HoaS the Ruffian (level 5, -2/41 HPs)
             Began as a Demigod Gladiator on Mar 13, 2021.
             Slain by Grinder (4 damage)
             ... while paralysed by Grinder
             ... on level 4 of the Dungeon.
             The game lasted 00:06:04 (3406 turns).

HoaS the Ruffian (Demigod Gladiator)                Turns: 3406, Time: 00:06:05

Health: -2/41      AC: 11    Str: 19    XL:     5   Next: 39%
Magic:  7/7        EV:  2    Int: 10    God:
Gold:   263        SH:  0    Dex: 15    Spells: 4/4 levels left

rFire    . . .     SeeInvis .     - Unarmed
rCold    . . .     Faith    .   (no shield)
rNeg     . . .     Spirit   .   j - +0 ring mail
rPois    .         Reflect  .   b - +2 helmet
rElec    .         Harm     .   f - +2 cloak
rCorr    .         Rampage  .   (no gloves)
Will     .....                  (no boots)
Stlth    +.........             (no amulet)
HPRegen  0.13/turn              (no ring)
MPRegen  0.10/turn              (no ring)

@: paralysed
A: high mp 1, forlorn
a: no special abilities


You were on level 4 of the Dungeon.
You visited 1 branch of the dungeon, and saw 4 of its levels.

You collected 263 gold pieces.

Inventory:

Missiles
 c - 2 throwing nets (quivered)
 h - 5 atropa-tipped darts
Armour
 b - a +2 helmet (worn)
 f - a +2 cloak (worn)
 j - a +0 ring mail (worn)
Wands
 a - a wand of polymorph (5)
Scrolls
 g - a scroll of magic mapping
 k - a scroll of identify
Potions
 e - 2 potions of curing
 i - 2 potions of haste


   Skills:
 - Level 1.7 Fighting
 - Level 1.7 Throwing
 - Level 2.6 Dodging
 + Level 5.9 Unarmed Combat


You had 4 spell levels left.
You didn't know any spells.
Your spell library was empty.

Dungeon Overview and Level Annotations

Branches:
Dungeon (4/15)
 Temple: D:4-7

Annotations:
D:4 Grinder


Innate Abilities, Weirdness & Mutations

Your attributes grow dramatically as you level up.
You have an increased reservoir of magic. (+10% MP)
You shall have no god before yourself.


Message History

Grinder is severely wounded.
Grinder gestures at you.
You suddenly lose the ability to move!
Grinder hits you but does no damage. Grinder hits you!
You writhe in agony.
Grinder hits you but does no damage.
You can move again.
Unknown command.
You hit Grinder.
Grinder is severely wounded.
Grinder hits you.
You writhe in agony.
You closely miss Grinder.
Grinder is severely wounded.
Grinder closely misses you.
You barely miss Grinder. You punch Grinder.
Grinder is severely wounded.
Grinder gestures at you. You resist with significant effort.
You hit Grinder.
Grinder is severely wounded.
Grinder hits you but does no damage.
You hit Grinder.
Grinder is almost dead.
You hit Grinder.
Grinder is almost dead.
Grinder gestures at you.
You suddenly lose the ability to move!
Grinder gestures at you. Pain shoots through your body!
* * * LOW HITPOINT WARNING * * *
Grinder hits you.
* * * LOW HITPOINT WARNING * * *
You writhe in agony.
* * * LOW HITPOINT WARNING * * *
Grinder gestures at you. Pain shoots through your body!
* * * LOW HITPOINT WARNING * * *
Grinder hits you but does no damage. Grinder hits you.
You die...

#..# #.#.##########
#....(.......#
##...#######.#######
..#....).............#
.........###.#.#####.#
.#.......##.#..# #.#
#.#...#.#(###.# #.#
#####.@## ##.# #.#
.#.## #5## #.# #.#
.....>##..# ## #.#
.......?.#.# # #†#
..<...._.##.#. #.#
.........# #.# #.#
......##.###.#######.#
...... #.............#
...... #####.#########


You could see Grinder.

Vanquished Creatures
  A hound (D:4)
  Jessica (D:2)
  6 adders
  2 oozes
  5 worms
  2 dart slugs
  3 leopard geckos
  5 orcs
  2 ball pythons
  5 giant cockroaches
  2 goblins (D:1)
  12 hobgoblins
  4 jackals (D:2)
  4 quokkas (D:2)
  7 bats
  3 frilled lizards
  6 kobolds
  A leopard gecko skeleton (D:4)
  11 rats
82 creatures vanquished.

Notes
Turn   | Place    | Note
-------+----------+-------------------------------------------
     0 | D:1      | HoaS the Demigod Gladiator began the quest for the Orb.
     0 | D:1      | Reached XP level 1. HP: 17/17 MP: 3/3
    87 | D:1      | Reached skill level 3 in Unarmed Combat
   224 | D:1      | Reached XP level 2. HP: 18/24 MP: 4/4
  1003 | D:2      | Noticed Sigmund
  1019 | D:1      | Reached skill level 4 in Unarmed Combat
  1019 | D:1      | Reached XP level 3. HP: 20/29 MP: 5/5
  1211 | D:2      | Noticed Jessica
  1213 | D:2      | Killed Jessica
  1492 | D:2      | Reached XP level 4. HP: 32/36 MP: 6/6
  1605 | D:2      | Noticed Sigmund
  1605 | D:2      | Sigmund changed into Sigmund the rat
  1616 | D:2      | Killed Sigmund the rat
  1830 | D:2      | Reached skill level 5 in Unarmed Combat
  2498 | D:3      | Reached XP level 5. HP: 39/41 MP: 7/7
  3366 | D:4      | Noticed Grinder
  3392 | D:4      | Paralysed by Grinder for 3 turns
  3401 | D:4      | Paralysed by Grinder for 6 turns
  3404 | D:4      | HP: 2/41 [Grinder/nerve-wracking pain (1)]
  3406 | D:4      | Slain by Grinder

Illustrated notes

Levels and vault maps discovered:
D:1:      noname_arrival_rooms_in_the_neighbourhood, layout_loops_ring,
          kennysheep_another_room, minmay_heptomino_h4
D:2:      layout_rooms, nicolae_uskayaw_dance_hall, uniq_sigmund, uniq_jessica
D:3:      layout_basic, lemuel_round_altar
D:4:      corexii_shantytown, layout_loops_ring, lemuel_crystal_altar,
          cheibriados_altar_1, serial_glass, glass_columns_b, glass_columns_b,
          uniq_grinder

Skill      XL: |  1  2  3  4 |
---------------+-------------+-----
Unarmed Combat | 3 4 5 |  5.9
Fighting       | |  1.7
Throwing       | |  1.7
Dodging        | |  2.6

Action                   |  1- 3 |  4- 6 || total
-------------------------+-------+-------++-------
Melee: Unarmed           |   164 |   192 ||   356
       Punch             |     2 |     8 ||    10
Throw: Throwing net      |       |     1 ||     1
Evoke: Wand              |       |     2 ||     2
  Use: Scroll            |     3 |     8 ||    11
 Stab: Held in net/web   |       |     2 ||     2
Armor: Leather armour    |    23 |       ||    23
       Ring mail         |    21 |    60 ||    81
       Skin              |     3 |       ||     3
Dodge: Dodged            |   105 |    87 ||   192

Table legend: (Time is in decaauts)
 A = Elapsed time spent in this place.
 B = Non-inter-level travel time spent in this place.
 C = Inter-level travel time spent in this place.
 D = Time resting spent in this place.
 E = Time spent auto-exploring this place.
 F = Levels seen in this place.
 G = Mean time per level.
                   A        B        C        D        E       F      G
               +--------+--------+--------+--------+--------+-----+--------+
         Total |   3373 |   3164 |    209 |    665 |   1854 |   4 |  843.2 |
       Dungeon |   3373 |   3164 |    209 |    665 |   1854 |   4 |  843.2 |
               +--------+--------+--------+--------+--------+-----+--------+

Top non-repeatable levels by time:
     D:1: 1175 daAuts
     D:3: 1095 daAuts
     D:2: 989 daAuts
     D:4: 113 daAuts
